 Dungeon Crawl Stone Soup version 0.20.1-1-g8b1a95d (webtiles) character file.

160761 Jannitor the Fencer (level 17, -14/126 HPs)
             Began as a Vampire Chaos Knight on Oct 19, 2017.
             Killed from afar by a nagaraja (40 damage)
             ... with an orb of energy
             ... on level 4 of the Snake Pit on Oct 20, 2017.
             The game lasted 02:08:22 (38756 turns).

Jannitor the Fencer (Vampire Chaos Knight)         Turns: 38756, Time: 02:08:22

Health: -14/126    AC: 43    Str: 18      XL:     17   Next: 18%
Magic:  21/21      EV: 13    Int: 15      God:    Xom [......]
Gold:   777        SH: 14    Dex: 12 (13) Spells: 3/16 levels left

rFire    . . .     SeeInvis +   u - +3 double sword (freeze)
rCold    + . .     Gourm    .   g - +2 shield
rNeg     + + .     Faith    .   q - +27 Lear's hauberk
rPois    +         Spirit   .   (helmet currently unavailable)
rElec    .         Reflect  .   V - +0 cloak
rCorr    .         Harm     .   (gloves currently unavailable)
MR       +....                  (boots currently unavailable)
Stlth    ..........             J - amulet of regeneration
Regen    0.4/turn               i - +4 ring of evasion
MPRegen  0.2/turn               f - +2 ring of strength

@: lethally poisoned (-14 -> -17), about to teleport, regenerating slowly,
hasted, studying Ice Magic, very quick
A: fangs 3, slimy green scales 1, see invisible, clumsy 1, deterioration 2,
frail 1, low mp 1, sense surroundings 1, unbreathing
a: Bat Form, Renounce Religion


You were on level 4 of the Snake Pit.
You worshipped Xom.
You were a very special plaything of Xom.
You were very thirsty.

You visited 5 branches of the dungeon, and saw 28 of its levels.
You visited the Abyss 1 time.
You also visited: Labyrinth, Ossuary and Volcano.

You collected 3442 gold pieces.
You spent 2665 gold pieces at shops.

Inventory:

Hand Weapons
 u - a +3 double sword of freezing (weapon)
 K - a +3 scimitar of flaming
Armour
 g - a +2 shield (worn)
 j - the +1 pair of gloves of Fortitude {rC+ Int+6}
   (Xom gifted it to you on level 13 of the Dungeon)

   It affects your intelligence (+6).
   It protects you from cold.
 m - +0 ice dragon scales
 q - the +27 Lear's hauberk (worn)
   (You bought it in a shop on level 2 of the Orcish Mines)
 H - a +3 scale mail of magic resistance
 V - a +0 cloak (worn)
Jewellery
 f - a +2 ring of strength (right hand)
 i - a +4 ring of evasion (left hand)
 J - an amulet of regeneration (around neck)
Wands
 a - a wand of flame (13/48)
 b - a wand of paralysis (2/24)
 x - a wand of confusion (29/48)
 z - a wand of digging (10/24)
 A - a wand of confusion (17/48)
 D - a wand of lightning (4/15)
 F - a wand of iceblast (10/15)
 I - a wand of paralysis (12/24)
 M - a wand of iceblast (4/15)
 N - a wand of digging (11/24)
 R - a wand of iceblast (6/15)
 S - a wand of lightning (6/15)
 X - a wand of disintegration (15/24)
 Y - a wand of confusion (19/48)
 Z - a wand of paralysis (11/24)
Scrolls
 l - 3 scrolls of magic mapping
 p - 14 scrolls of remove curse
 y - a scroll of fear
 B - 3 scrolls of teleportation
 E - 8 scrolls of identify
 L - 3 scrolls of enchant armour
 Q - 2 scrolls of recharging
 T - a scroll of silence
Potions
 c - 29 potions of blood
 d - 5 potions of curing
 k - 4 potions of lignification
 n - a potion of brilliance
 r - 4 potions of magic
 v - 2 potions of resistance
 w - 2 potions of agility
 O - a potion of might
 W - a potion of berserk rage
Books
 e - a book of Frost

   Spells                             Type                      Level
   a - Freeze                         Ice                          1
   b - Throw Frost                    Conjuration/Ice              2
   c - Ozocubu's Armour               Charms/Ice                   3
   d - Throw Icicle                   Conjuration/Ice              4
   e - Summon Ice Beast               Ice/Summoning                4
 o - a book of Maledictions

   Spells                             Type                      Level
   a - Corona                         Hexes                        1
   b - Ensorcelled Hibernation        Hexes/Ice                    2
   c - Confuse                        Hexes                        3
   d - Tukima's Dance                 Hexes                        3
   e - Dazzling Spray                 Conjuration/Hexes            3
 s - a book of Clouds

   Spells                             Type                      Level
   a - Poisonous Vapours              Poison/Air                   2
   b - Mephitic Cloud                 Conjuration/Poison/Air       3
   c - Conjure Flame                  Conjuration/Fire             3
   d - Freezing Cloud                 Conjuration/Ice/Air          6
   e - Ring of Flames                 Charms/Fire                  7
 G - a manual of Ice Magic
 P - a book of Minor Magic

   Spells                             Type                      Level
   a - Magic Dart                     Conjuration                  1
   b - Blink                          Translocation                2
   c - Call Imp                       Summoning                    2
   d - Slow                           Hexes                        2
   e - Conjure Flame                  Conjuration/Fire             3
   f - Mephitic Cloud                 Conjuration/Poison/Air       3
 U - a book of Misfortune

   Spells                             Type                      Level
   a - Confusing Touch                Hexes                        1
   b - Confuse                        Hexes                        3
   c - Gell's Gravitas                Translocation                3
   d - Petrify                        Transmutation/Earth          4
   e - Metabolic Englaciation         Hexes/Ice                    5
   f - Yara's Violent Unravelling     Hexes/Transmutation          5
Miscellaneous
 C - a fan of gales (inert)


   Skills:
 + Level 14.8 Fighting
 + Level 15.7 Long Blades
 + Level 12.4 Armour
 - Level 5.7 Dodging
 + Level 11.9 Shields
 - Level 8.8 Evocations


You had 3 spell levels left.
You knew the following spells:

 Your Spells              Type           Power        Failure   Level  Hunger
a - Summon Ice Beast      Ice/Summ       #.......     100%        4    #####..
b - Throw Icicle          Conj/Ice       #.......     100%        4    #####..
c - Metabolic Englaciati  Hex/Ice        #.........   100%        5    ######.


Dungeon Overview and Level Annotations

Branches:
Dungeon (15/15)            Temple (0/1) D:5            Lair (6/6) D:10
 Shoals (1/4) Lair:2        Snake (4/4) Lair:3        Slime (0/5) Lair:5
    Orc (2/2) D:9             Elf (0/3) Orc:2        Vaults (0/5) D:14
 Depths (0/5) D:15

Altars:
Ashenzari
Kikubaaqudgha
Makhleb
Okawaru
Ru
Sif Muna
Trog
Vehumet
Xom
Zin
The Shining One
Beogh
Jiyva

Shops:
D:4 *%   D:7 *   D:10 (   D:11 =   Orc:2 (?([

Annotations:
D:3 Alfie's ghost, amateur HuBe
D:6 1 runed door
D:8 exclusion: 2 doors
Lair:4 exclusion: oklob plant
Lair:5 1 runed door, exclusion: ice statue
Abyss:1 Natasha


Innate Abilities, Weirdness & Mutations

You heal slowly.
You have razor-sharp teeth.
You have supernaturally acute eyesight. (SInv)
You can survive without breathing.
You are partially covered in slimy green scales. (AC +2)
You are clumsy. (Dex -2)
Your body often deteriorates upon taking damage.
You are frail. (-10% HP)
Your magical capacity is low. (-10% MP)
You passively map a small area around you.


Message History

Unknown command.
Unknown command.
You start resting.
You feel less invigorated.
You feel less confused.
You feel sick. Xom twists space around you.
Your surroundings suddenly seem different.
As you read the scroll of teleportation, it crumbles to dust.
You feel strangely unstable.
Unknown command.
The naga mage spits poison at you. The splash of poison hits you!
You are more poisoned.
You resist.
You feel yourself speed up.
You feel sick.
The nagaraja points at you and mumbles some strange words.
The orb of energy hits you!
You die...
Xom cackles wildly!

, #......## ....#
...#.......# .. ..
.. #.......#
.....#...#.......##
.N⌠ ...##..#......#
.N................#
..N.#..).#........#
..#...).....N.....#
...NS.N....N...#@.#
...N.SN.......##...#
...N.N.........#...#
.SN...#.......##...#
......N..(....#....#
.N.........$..##..##
..N.........# ...#
........N.### ...#
....##.*


You could see a nagaraja.

Vanquished Creatures
  Frances (Snake:2)
  Kirke (Snake:2)
  The ghost of Jotun the Earth Mage, an adept GrEE of Nemelex Xobeh (Snake:2)
  3 nagarajas
  Aizul (Snake:1)
  Nessos (Lair:4)
  2 minotaurs
  6 hydras
  An ice dragon (Lair:5)
  7 naga warriors
  Fannar (D:12)
  8 two-headed ogres
  A two-headed ogre (shapeshifter) (D:14)
  2 centaur warriors
  The ghost of veneficus the Unseen, a journeyman SpEn of Dithmenos (Lair:2)
  A merfolk aquamancer (Lair:2)
  Erica (D:11)
  10 anacondas
  5 death yaks
  The ghost of Dwachs the Thaumaturge, a journeyman DECj of Vehumet (Volcano)
  A vampire mage (D:15)
  An ogre mage (Volcano)
  9 naga sharpshooters
  3 orc high priests (Orc:2)
  3 shock serpents
  Sonja (D:15)
  Nergalle (D:12)
  The ghost of Gargoyl the Cleaver, a novice MiAK of Lugonu (D:9)
  A fire crab (Snake:4)
  An unseen horror (D:14)
  2 skeletal warriors (D:15)
  3 naga ritualists
  Pikel (D:5)
  A necromancer (D:15)
  6 orc knights
  4 orc sorcerers (Orc:2)
  A deep elf mage (D:12)
  6 mana vipers
  13 salamanders
  2 frost giant zombies (D:15)
  A faun (Lair:2)
  12 ugly things
  2 cyclopes
  2 elephants (Lair:6)
  4 manticores
  31 black mambas
  5 centaur zombies
  A torpor snail (Lair:6)
  4 guardian serpents (Snake:1)
  A spiny frog (shapeshifter) (D:14)
  13 naga magi
  5 gargoyles
  12 spiny frogs
  3 rime drakes
  A kobold demonologist (D:11)
  8 komodo dragons
  A freezing wraith (D:14)
  2 spriggan zombies (D:15)
  3 meliai (D:13)
  3 tengu conjurers
  9 trolls
  A meliai (shapeshifter) (Snake:4)
  2 merfolk (Lair:2)
  2 wind drakes
  5 hornets (Lair:6)
  7 dream sheep
  7 polar bears
  A hippogriff (shapeshifter) (D:13)
  A raiju (D:14)
  A snapping turtle (shapeshifter) (D:15)
  7 hippogriffs
  11 slime creatures
  5 blink frogs
  8 porcupines
  3 wyverns
  Sigmund (D:6)
  9 spriggans
  A shadow (D:14)
  2 vampires
  5 water elementals (Lair:2)
  9 redbacks
  65 yaks
  4 basilisks
  Menkaure (D:6)
  3 hogs (Snake:2)
  3 wargs
  A steam dragon (D:9)
  4 vampire mosquitoes
  11 hungry ghosts
  A soldier ant (D:12)
  An acid dragon (D:13)
  A soldier ant (shapeshifter) (D:15)
  Duvessa (D:6)
  43 nagas
  11 water moccasins
  A slave (D:5)
  21 orc warriors
  3 black bears (Lair:6)
  8 ice beasts
  3 sky beasts
  2 necrophages
  A phantom (D:14)
  25 wolves
  8 ogres
  16 centaurs
  4 boggarts (Lair:6)
  14 crocodiles
  Blork the orc (D:6)
  6 big kobolds
  2 elf zombies (Ossuary)
  A wyvern zombie (D:10)
  22 bullfrogs
  2 gnoll sergeants
  Dowan (D:6)
  A wyvern skeleton (D:13)
  5 scorpions
  9 killer bees
  2 wights (D:12)
  5 howler monkeys
  3 jellies
  3 bullfrog zombies
  11 crimson imps
  A wyvern simulacrum (D:15)
  12 hounds
  20 orc priests
  5 centaur skeletons
  A gnoll shaman (D:7)
  A human zombie (Ossuary)
  4 bullfrog skeletons
  Natasha (twice) (D:2)
  3 iguanas
  34 orc wizards
  8 worker ants
  A hound zombie (D:10)
  A hound skeleton (D:8)
  A mummy (Ossuary)
  A worker ant zombie (D:10)
  13 gnolls
  24 adders
  3 shadow imps
  2 white imps (Lair:5)
  An ooze (D:3)
  2 adder zombies
  2 adder skeletons
  5 worms
  3 dart slugs
  7 leopard geckos
  110 orcs
  11 bats
  5 giant cockroaches
  14 goblins
  11 hobgoblins
  7 jackals
  18 kobolds
  A kobold (shapeshifter) (Snake:4)
  10 quokkas
  4 ball pythons
  5 frilled lizards
  A goblin zombie (Ossuary)
  6 hobgoblin zombies (Ossuary)
  A jackal skeleton (D:4)
  2 jackal zombies (Ossuary)
  9 kobold zombies (Ossuary)
  7 orc zombies (Ossuary)
  9 rats
  A bush (D:14)
  A fungus (Lair:1)
1047 creatures vanquished.

Vanquished Creatures (collateral kills)
  A red draconian (Volcano)
  A naga warrior (Snake:1)
  An anaconda (Snake:1)
  2 two-headed ogres (Volcano)
  A naga sharpshooter (Snake:4)
  2 elephants (Lair:6)
  A black mamba (Snake:1)
  2 naga magi
  A gargoyle (Lab)
  A hornet (Lair:6)
  A troll (D:9)
  The ghost of Jannitor the Skirmisher, an amateur OpCK of Xom (D:5)
  3 spriggans (Lair:6)
  3 nagas
  A phantom (D:9)
  An orc warrior (D:9)
  An ogre (D:4)
  5 wights
  An orc priest (Orc:2)
  A jelly (D:9)
  An orc wizard (Orc:2)
  7 orcs
39 creatures vanquished.

Vanquished Creatures (others)
  A dancing weapon (D:9)
  A two-headed ogre (D:14)
  A naga sharpshooter (Snake:3)
  A shining eye (Snake:1)
  2 naga magi (Snake:1)
  4 humans (Snake:2)
  A redback (Snake:2)
  3 nagas (Snake:1)
  A porcupine (Lair:1)
  2 slaves (D:6)
  A howler monkey (D:6)
  A hound (D:4)
  A jelly (D:11)
  2 orc wizards
  A mummy (Ossuary)
  2 orcs
  A hobgoblin zombie (Ossuary)
  2 jackal zombies (Ossuary)
  A kobold zombie (Ossuary)
  3 orc zombies (Ossuary)
  16 fungi
  17 plants
  4 starspawn tentacles (Abyss:3)
69 creatures vanquished.

Grand Total: 1155 creatures vanquished

Notes
Turn   | Place    | Note
-------+----------+-------------------------------------------
     0 | D:1      | Jannitor the Vampire Chaos Knight began the quest for the Orb.
     0 | D:1      | Reached XP level 1. HP: 17/17 MP: 1/1
   131 | D:1      | Reached XP level 2. HP: 22/23 MP: 2/2
   152 | D:1      | XOM: divination: detect items
   508 | D:1      | Reached XP level 3. HP: 29/29 MP: 3/3
  1028 | D:2      | XOM: harmless Fire miscast
  1058 | D:2      | Reached skill level 4 in Long Blades
  1274 | D:2      | Reached XP level 4. HP: 37/37 MP: 4/4
  1275 | D:2      | XOM: harmless Chrm miscast
  1394 | D:2      | XOM: divination: detect creatures
  1439 | D:2      | Noticed Natasha
  1448 | D:2      | Killed Natasha
  1496 | D:2      | Noticed Natasha
  1502 | D:2      | Killed Natasha
  1502 | D:2      | Reached XP level 5. HP: 28/42 MP: 5/5
  1662 | D:2      | XOM: god gift: scroll labeled OHUYVV NUSUO {god gift}
  1667 | D:2      | Noticed Natasha
  1725 | D:2      | Banished Natasha
  1742 | D:2      | XOM: divination: magic mapping
  1848 | D:3      | Found a sacrificial altar of Ru.
  1863 | D:3      | XOM: harmless Fire miscast
  1922 | D:3      | Found a radiant altar of Vehumet.
  1935 | D:3      | XOM: potion effect (brilliance)
  1945 | D:3      | XOM: potion effect (berserk rage)
  1946 | D:3      | XOM: potion effect (might)
  1955 | D:3      | Reached skill level 5 in Long Blades
  2006 | D:3      | Noticed Alfie's ghost (amateur HuBe)
  2019 | D:3      | XOM: harmless Conj miscast
  2021 | D:3      | XOM: divination: detect items
  2024 | D:3      | XOM: fog
  2025 | D:3      | XOM: confusion
  2057 | D:3      | XOM: repel stairs
  2061 | D:3      | Found a shattered altar of Ashenzari.
  2061 | D:3      | XOM: 3-stop teleportation journey
  2339 | D:3      | Reached XP level 6. HP: 49/49 MP: 6/6
  2736 | D:4      | Found a sand-covered staircase.
  2736 | D:4      | XOM: noise
  2745 | Ossuary  | Entered an ossuary
  2810 | Ossuary  | XOM: severe Necr miscast
  3006 | Ossuary  | XOM: give mutations
  3006 | Ossuary  | Gained mutation: You occasionally shout uncontrollably at your foes. [Xom's mischief]
  3006 | Ossuary  | Gained mutation: Armour fits poorly on your strangely shaped body. [Xom's mischief]
  3078 | Ossuary  | XOM: destruction
  3095 | Ossuary  | XOM: enchant monster (good)
  3117 | Ossuary  | XOM: enchant monster (good)
  3204 | Ossuary  | Reached skill level 5 in Fighting
  3307 | Ossuary  | XOM: cloud trail
  3499 | D:4      | Reached XP level 7. HP: 53/53 MP: 7/7
  3517 | D:4      | XOM: summons 5 friendly demons
  3552 | D:4      | XOM: 7-stop teleportation journey
  3883 | D:4      | Got a translucent flail
  3884 | D:4      | Identified the +9 flail of Gubulupp {flame, rElec MR+} (You found it on level 4 of the Dungeon)
  3887 | D:4      | XOM: fog
  3970 | D:4      | Found an ancient bone altar of Kikubaaqudgha.
  4016 | D:4      | Reached skill level 6 in Long Blades
  4104 | D:4      | XOM: scenery: create altars
  4305 | D:4      | Found Zosocrao's Food Emporium.
  4307 | D:4      | Found Ifajeg's General Store.
  4316 | D:4      | Bought a scroll of identify for 26 gold pieces
  4322 | D:4      | XOM: mild Air miscast
  4367 | D:4      | XOM: cast spell 'Shadow Creatures'
  4521 | D:4      | XOM: god gift: bread ration
  4528 | D:4      | Found a bloodstained altar of Trog.
  4768 | D:5      | Entered Level 5 of the Dungeon
  4827 | D:5      | Noticed Jannitor's ghost (amateur OpCK)
  4832 | D:5      | XOM: scenery: create altars
  4839 | D:5      | XOM: summons 5 friendly demons
  4849 | D:5      | Killed Jannitor's ghost
  4849 | D:5      | Reached skill level 5 in Dodging
  4849 | D:5      | Reached XP level 8. HP: 64/64 MP: 8/8
  4971 | D:5      | Found a staircase to the Ecumenical Temple.
  5026 | D:5      | Found a sacrificial altar of Ru.
  5371 | D:5      | Identified a scroll of acquirement
  5585 | D:6      | Noticed Dowan
  5585 | D:6      | Noticed Pikel
  5586 | D:6      | XOM: harmless Pois miscast
  5587 | D:6      | Noticed Duvessa
  5658 | D:6      | Reached skill level 7 in Long Blades
  5658 | D:6      | Reached skill level 1 in Armour
  5729 | D:6      | Noticed Sigmund
  5735 | D:5      | Killed Pikel
  5909 | D:6      | XOM: 2-stop teleportation journey
  5969 | D:6      | Reached XP level 9. HP: 72/72 MP: 9/9
  6223 | D:6      | XOM: chaos upgrade
  6231 | D:6      | Killed Sigmund
  6231 | D:6      | Reached skill level 8 in Long Blades
  6282 | D:6      | XOM: noise
  6336 | D:6      | XOM: swap monsters
  6340 | D:6      | Killed Duvessa
  6340 | D:6      | Reached skill level 1 in Evocations
  6345 | D:6      | Killed Dowan
  6716 | D:6      | Noticed Blork the orc
  6722 | D:6      | Killed Blork the orc
  6937 | D:6      | Found a runed door.
  6948 | D:6      | XOM: silly message
  7000 | D:6      | Noticed Menkaure
  7002 | D:6      | Killed Menkaure
  7253 | D:7      | Found a glowing golden altar of the Shining One.
  7302 | D:7      | XOM: polymorph orc wizard -> scorpion
  7321 | D:7      | Found an iron altar of Okawaru.
  7358 | D:7      | Found Gygrit's General Store.
  7601 | D:7      | Found Zin's Purification Station.
  7601 | D:7      | Found a glowing silver altar of Zin.
  8213 | D:8      | XOM: medium Erth miscast
  8357 | D:8      | Found a burning altar of Makhleb.
  8357 | D:8      | XOM: noise
  8386 | D:8      | XOM: harmless Erth miscast
  8422 | D:8      | Reached XP level 10. HP: 47/79 MP: 12/12
  8833 | D:8      | XOM: harmless Necr miscast
  8875 | D:8      | XOM: cast spell 'Olgreb's Toxic Radiance'
  8878 | D:8      | XOM: divination: magic mapping
  8880 | D:8      | Reached skill level 9 in Long Blades
  9035 | D:8      | XOM: cast spell 'Ring of Flames'
  9039 | D:8      | Reached skill level 5 in Armour
  9053 | D:8      | XOM: potion effect (agility)
  9066 | D:8      | XOM: harmless Hex miscast
  9204 | D:8      | Found a deep blue altar of Sif Muna.
  9275 | D:8      | XOM: mild Pois miscast
  9280 | D:8      | Identified Sif Muna's Compendium of Beguiling
  9431 | D:9      | XOM: confuse monster(s)
  9442 | D:9      | XOM: repel stairs
  9468 | D:9      | XOM: summons 4 hostile shadow creatures
  9659 | D:9      | XOM: summons 2 hostile shadow creatures
  9674 | D:9      | Noticed a two-headed ogre
  9995 | D:9      | Killed a two-headed ogre
  9995 | D:9      | Reached skill level 5 in Evocations
 10012 | D:9      | XOM: 2-stop teleportation journey
 10051 | D:9      | Found a staircase to the Orcish Mines.
 10234 | D:9      | Noticed Gargoyl's ghost (novice MiAK)
 10262 | D:9      | XOM: 1-stop teleportation journey
 10291 | D:9      | XOM: noise
 10303 | D:9      | Reached XP level 11. HP: 54/88 MP: 14/14
 10431 | D:10     | Entered Level 10 of the Dungeon
 10476 | D:10     | Noticed a two-headed ogre
 10488 | D:10     | Reached skill level 10 in Long Blades
 10494 | D:10     | Killed a two-headed ogre
 10503 | D:10     | Found a staircase to the Lair.
 10527 | D:10     | XOM: summons 5 hostile demons
 10538 | D:10     | XOM: smoke on damage
 10643 | D:10     | XOM: divination: detect creatures
 10676 | D:10     | XOM: divination: detect creatures
 10703 | D:10     | XOM: cloud trail
 10724 | D:10     | XOM: scenery: create altars
 10783 | D:10     | XOM: cast spell 'Chain of Chaos'
 10858 | D:10     | XOM: silly message
 10869 | D:10     | XOM: divination: detect creatures
 10879 | D:10     | XOM: harmless Air miscast
 11119 | D:9      | XOM: cloud trail
 11192 | D:9      | XOM: cast spell 'Olgreb's Toxic Radiance'
 11430 | D:9      | XOM: divination: detect items
 11463 | D:9      | XOM: harmless Pois miscast
 11475 | D:8      | Noticed a two-headed ogre
 11481 | D:8      | Killed a two-headed ogre
 11481 | D:8      | Reached skill level 1 in Shields
 11730 | D:9      | XOM: harmless Summ miscast
 11812 | D:9      | XOM: medium Tloc miscast
 11913 | D:9      | XOM is BORED!
 11913 | D:9      | XOM: mild Tloc miscast
 12128 | D:9      | XOM: give mutations
 12128 | D:9      | Gained mutation: You are clumsy. (Dex -2) [Xom's mischief]
 12128 | D:9      | Gained mutation: Your magical capacity is low. (-10% MP) [Xom's mischief]
 12128 | D:9      | Gained mutation: You are robust. (+10% HP) [Xom's mischief]
 12215 | D:10     | XOM: confuse monster(s)
 12223 | D:10     | XOM: harmless Ice miscast
 12239 | D:10     | XOM: harmless Necr miscast
 12483 | D:10     | Found a shimmering altar of Xom.
 12483 | D:10     | Found a shimmering altar of Xom.
 12483 | D:10     | Found a shimmering altar of Xom.
 12483 | D:10     | Found a shimmering altar of Xom.
 12483 | D:10     | Found a shimmering altar of Xom.
 12483 | D:10     | Found a shimmering altar of Xom.
 12484 | D:10     | Found a shimmering altar of Xom.
 12484 | D:10     | Found a shimmering altar of Xom.
 12484 | D:10     | Found a shimmering altar of Xom.
 12484 | D:10     | Found a shimmering altar of Xom.
 12620 | D:10     | Found Toatem's Antique Weapon Shop.
 12701 | D:11     | Found Wuiten's Jewellery Shoppe.
 12726 | D:11     | Noticed Erica
 12737 | D:11     | XOM: harmless Tmut miscast
 12742 | D:11     | Killed Erica
 12767 | D:11     | XOM: 2-stop teleportation journey
 12768 | D:11     | Noticed a red ugly thing
 12870 | Lair:1   | Entered Level 1 of the Lair of Beasts
 13200 | Lair:1   | XOM: enchant monster (good)
 13245 | Lair:1   | XOM: potion effect (might)
 13268 | Lair:1   | XOM: mild Erth miscast
 13282 | Lair:1   | XOM: swap monsters
 13420 | Lair:1   | XOM: polymorph komodo dragon -> redback
 13514 | Lair:1   | Reached XP level 12. HP: 102/105 MP: 15/15
 13827 | Lair:2   | Noticed a six-headed hydra
 13840 | Lair:2   | Killed a one-headed hydra
 13840 | Lair:2   | Reached skill level 10 in Fighting
 13981 | Lair:2   | Noticed veneficus's ghost (journeyman SpEn)
 13991 | Lair:2   | XOM: swap monsters
 14034 | Lair:2   | XOM: fog
 14042 | Lair:2   | XOM: harmless Fire miscast
 14045 | Lair:2   | XOM: scenery: create altars
 14126 | Lair:2   | Killed veneficus's ghost
 14126 | Lair:2   | Reached skill level 11 in Long Blades
 14249 | Lair:2   | XOM: confuse monster(s)
 14263 | Lair:2   | Reached skill level 5 in Shields
 14266 | Lair:2   | XOM: harmless Necr miscast
 14277 | Lair:2   | XOM: scenery: create altars
 14349 | Lair:2   | XOM: harmless Hex miscast
 14351 | Lair:2   | XOM: harmless Chrm miscast
 14394 | Lair:2   | Found a staircase to the Shoals.
 14448 | Lair:2   | XOM: harmless Conj miscast
 14734 | Lair:3   | Found a dark tunnel.
 14740 | Volcano  | Entered a volcano
 14756 | Volcano  | Noticed an ogre mage
 14758 | Volcano  | Noticed a two-headed ogre
 14759 | Volcano  | Noticed Dwachs's ghost (journeyman DECj)
 14760 | Volcano  | XOM: harmless Conj miscast
 14761 | Volcano  | Noticed a two-headed ogre
 14763 | Volcano  | XOM: harmless Necr miscast
 14768 | Volcano  | XOM: potion effect (heal wounds)
 14776 | Volcano  | XOM: potion effect (agility)
 14781 | Volcano  | XOM: potion effect (haste)
 14794 | Volcano  | Noticed a two-headed ogre
 14794 | Volcano  | Killed Dwachs's ghost
 14798 | Volcano  | Killed a two-headed ogre
 14803 | Volcano  | Killed a two-headed ogre
 14807 | Volcano  | Killed a two-headed ogre
 14811 | Volcano  | XOM: god gift: 42 gold pieces
 14849 | Volcano  | XOM: cloud trail
 14862 | Volcano  | Noticed a red draconian
 14864 | Volcano  | Noticed a two-headed ogre
 14864 | Volcano  | XOM: enchant monster (good)
 14865 | Volcano  | Noticed a two-headed ogre
 14865 | Volcano  | Found a bloodstained altar of Trog.
 14866 | Volcano  | Noticed a two-headed ogre
 14892 | Volcano  | XOM: fake destruction
 14895 | Volcano  | Killed an ogre mage
 14895 | Volcano  | XOM: cast spell 'Summon Horrible Things'
 14901 | Volcano  | Killed a two-headed ogre
 14904 | Volcano  | Killed a red draconian
 14915 | Volcano  | Killed a two-headed ogre
 14927 | Volcano  | Killed a two-headed ogre
 15111 | Lair:3   | Noticed a seven-headed hydra
 15115 | Lair:3   | XOM: smoke on damage
 15120 | Lair:3   | Killed a four-headed hydra
 15124 | Lair:3   | XOM: summons friendly quasit
 15129 | Lair:3   | XOM: scenery: 1 doors open
 15130 | Lair:3   | XOM: fog
 15138 | Lair:2   | XOM: stat loss: -1 Int (14/15)
 15377 | Lair:3   | XOM: potion effect (heal wounds)
 15590 | Lair:3   | Found a staircase to the Snake Pit.
 15977 | Lair:4   | Noticed Nessos
 15978 | Lair:4   | XOM: confuse monster(s)
 15981 | Lair:4   | XOM: divination: detect items
 15983 | Lair:4   | XOM: cast spell 'Cause Fear'
 15984 | Lair:4   | XOM: enchant monster (good)
 15986 | Lair:4   | XOM: divination: detect creatures
 15989 | Lair:4   | Killed Nessos
 15989 | Lair:4   | Reached XP level 13. HP: 114/114 MP: 17/17
 16056 | Lair:4   | XOM: silly message
 16154 | Lair:4   | XOM: confuse monster(s)
 16158 | Lair:4   | XOM: divination: detect creatures
 16175 | Lair:4   | XOM: confuse monster(s)
 16199 | Lair:4   | XOM: scenery: create altars
 16254 | Lair:4   | XOM: 1-stop teleportation journey
 16353 | Lair:4   | XOM: blink monster(s)
 16368 | Lair:4   | XOM: give mutations
 16368 | Lair:4   | Lost mutation: You are robust. (+10% HP) [Xom's mischief]
 16368 | Lair:4   | Lost mutation: You are clumsy. (Dex -2) [Xom's mischief]
 16368 | Lair:4   | Gained mutation: You are weak. (Str -2) [Xom's mischief]
 16495 | Lair:4   | XOM: harmless Tmut miscast
 16736 | Lair:4   | XOM: fog
 16756 | Lair:4   | Reached skill level 12 in Long Blades
 16757 | Lair:4   | XOM: summons friendly shadow imp
 16786 | Lair:4   | XOM: summons 8 friendly demons
 16792 | Lair:4   | XOM: summons friendly shadow imp
 16866 | Lair:5   | Found a labyrinth entrance.
 16877 | Lab      | Entered a labyrinth
 17247 | Lab      | XOM: smoke on damage
 17556 | Lab      | Noticed a minotaur
 17564 | Lab      | Killed a minotaur
 17566 | Lab      | Got a vibrating silver ring
 17581 | Lab      | Identified the ring of Nerit {rF- rN++ MR+ Int+4 SInv} (You took it off a minotaur in a labyrinth)
 17585 | Lab      | XOM: give mutations
 17585 | Lab      | Gained mutation: You are partially covered in icy blue scales. (AC +2) [Xom's grace]
 17585 | Lab      | Gained mutation: Your system is resistant to poisons. (rPois) [Xom's grace]
 17585 | Lab      | Gained mutation: You have a pair of small horns on your head. [Xom's grace]
 17585 | Lab      | Gained mutation: You are resistant to hostile enchantments. (MR+) [Xom's grace]
 17614 | Lair:5   | XOM: divination: detect items
 17633 | Lair:5   | XOM: mild Necr miscast
 17643 | Lair:5   | XOM: potion effect (might)
 17674 | Lair:5   | XOM: swap monsters
 17921 | Lair:5   | XOM: potion effect (haste)
 18002 | Lair:3   | XOM: harmless Fire miscast
 18169 | D:7      | XOM: god gift: runed iron wand {god gift}
 18372 | D:4      | Bought a book of Frost for 455 gold pieces
 18377 | D:4      | Learned a level 4 spell: Summon Ice Beast
 18382 | D:4      | Learned a level 4 spell: Throw Icicle
 18715 | D:11     | XOM: destruction
 18728 | D:11     | XOM: harmless Hex miscast
 18783 | D:11     | XOM: polymorph yak -> hippogriff
 18871 | D:11     | XOM: silly message
 18953 | D:11     | XOM: fake destruction
 18957 | D:11     | XOM: harmless Summ miscast
 19333 | D:12     | Noticed Nergalle
 19343 | D:12     | XOM: blink monster(s)
 19355 | D:12     | Killed Nergalle
 19394 | D:12     | XOM: give mutations
 19394 | D:12     | Lost mutation: Your magical capacity is low. (-10% MP) [Xom's mischief]
 19394 | D:12     | Lost mutation: You occasionally shout uncontrollably at your foes. [Xom's mischief]
 19394 | D:12     | Lost mutation: Armour fits poorly on your strangely shaped body. [Xom's mischief]
 19394 | D:12     | Lost mutation: Your system is resistant to poisons. (rPois) [Xom's mischief]
 19407 | D:12     | XOM: 2-stop teleportation journey
 19408 | D:12     | Noticed Fannar
 19408 | D:12     | XOM: swap monsters
 19426 | D:12     | XOM: confuse monster(s)
 19434 | D:12     | Killed Fannar
 19509 | D:12     | XOM: mild Hex miscast
 19563 | D:12     | XOM: mild Conj miscast
 19687 | D:12     | XOM: 5-stop teleportation journey
 19743 | D:12     | XOM: medium Necr miscast
 19807 | D:12     | XOM: harmless Air miscast
 19824 | D:12     | XOM: confuse monster(s)
 20090 | D:12     | XOM is BORED!
 20090 | D:12     | XOM: smoke on damage
 20090 | D:12     | XOM: torment (60/106 hp)
 20233 | D:9      | XOM: potion effect (haste)
 20241 | D:9      | XOM: give mutation
 20241 | D:9      | Gained mutation: You are surrounded by a mild repulsion field. (EV +2) [Xom's grace]
 20244 | D:9      | Killed Gargoyl's ghost
 20285 | Orc:1    | Entered Level 1 of the Orcish Mines
 20324 | Orc:1    | XOM: scenery: create altars
 20352 | Orc:1    | Found a roughly hewn altar of Beogh.
 20365 | Orc:1    | XOM: god gift: wand of confusion (?/48) {god gift}
 20408 | Orc:1    | XOM: divination: magic mapping
 20431 | Orc:1    | XOM: medium Fire miscast
 20525 | Orc:1    | XOM: give mutations
 20525 | Orc:1    | Gained mutation: Your spells are a little easier to cast, but a little less powerful. [Xom's mischief]
 20525 | Orc:1    | Lost mutation: You are partially covered in icy blue scales. (AC +2) [Xom's mischief]
 20575 | Orc:2    | Entered Level 2 of the Orcish Mines
 20575 | Orc:2    | Found a staircase to the Elven Halls.
 20618 | Orc:1    | XOM: mild Erth miscast
 20780 | Orc:2    | XOM: silly message
 20851 | Orc:1    | Reached XP level 14. HP: 55/113 MP: 20/20
 21094 | Lair:4   | XOM: give mutations
 21094 | Lair:4   | Gained mutation: You are very weak. (Str -4) [Xom's mischief]
 21094 | Lair:4   | Lost mutation: Your spells are a little easier to cast, but a little less powerful. [Xom's mischief]
 21094 | Lair:4   | Lost mutation: You are surrounded by a mild repulsion field. (EV +2) [Xom's mischief]
 21094 | Lair:4   | Lost mutation: You are very weak. (Str -4) [Xom's mischief]
 21405 | Lair:5   | XOM: potion effect (berserk rage)
 21611 | Lair:5   | XOM: blink monster(s)
 21858 | Lair:5   | Found a runed door.
 21858 | Lair:5   | Found a viscous altar of Jiyva.
 21858 | Lair:5   | Found a staircase to the Slime Pits.
 21858 | Lair:5   | Noticed an acid blob
 21858 | Lair:5   | Noticed an acid blob
 21921 | Lair:6   | Entered Level 6 of the Lair of Beasts
 21991 | Lair:6   | XOM: confusion (+ monsters)
 22005 | Lair:6   | Reached skill level 13 in Long Blades
 22097 | Lair:6   | XOM: divination: magic mapping
 22138 | Lair:6   | XOM: noise
 22220 | Lair:6   | XOM: 2-stop teleportation journey
 22277 | Lair:6   | Learned a level 5 spell: Metabolic Englaciation
 22350 | Lair:6   | XOM: swap monsters
 22372 | Lair:6   | XOM: noise
 22374 | Lair:6   | Reached skill level 10 in Armour
 22383 | Lair:6   | XOM: divination: magic mapping
 22478 | Lair:6   | XOM: enchant monster (good)
 22625 | Lair:6   | XOM: medium Tloc miscast
 22625 | Lair:6   | Cast into level 3 of the Abyss (the capriciousness of Xom)
 22625 | Abyss:3  | XOM: stealth player
 22673 | Abyss:3  | Noticed a tentacled starspawn
 22682 | Abyss:3  | XOM: enchant monster (bad)
 22686 | Abyss:3  | Noticed a tentacled starspawn
 22708 | Abyss:3  | XOM: mild Summ miscast
 22717 | Abyss:3  | XOM: mild Ice miscast
 22719 | Abyss:3  | XOM: confusion
 22722 | Abyss:3  | XOM: summons 3 hostile shadow creatures
 22774 | Abyss:3  | Noticed a black draconian stormcaller
 22774 | Lair:6   | Escaped the Abyss
 23115 | Orc:2    | XOM: give mutation
 23115 | Orc:2    | Lost mutation: You are resistant to hostile enchantments. (MR+) [Xom's mischief]
 23131 | Orc:2    | XOM: blink monster(s)
 23201 | Orc:2    | XOM: fake destruction
 23236 | Orc:2    | XOM: destruction
 23584 | Orc:2    | XOM: cloud trail
 23601 | Orc:1    | XOM: scenery: create altars
 24073 | Orc:2    | XOM: scenery: create altars
 24379 | Orc:2    | XOM: potion effect (agility)
 24389 | Orc:2    | XOM: cast spell 'Leda's Liquefaction'
 24401 | Orc:2    | XOM: confuse monster(s)
 24432 | Orc:2    | Found Huquur's Magic Scroll Emporium.
 24432 | Orc:2    | Found Iwnezou's Weapon Boutique.
 24434 | Orc:2    | Found Raiph's Armour Emporium.
 24434 | Orc:2    | Found Fasusav's Antique Weapon Boutique.
 24448 | Orc:2    | Bought the +27 Lear's hauberk for 1951 gold pieces
 24481 | Orc:2    | Bought a scroll of teleportation for 39 gold pieces
 24481 | Orc:2    | Bought a scroll of enchant weapon for 97 gold pieces
 24481 | Orc:2    | Bought a scroll of blinking for 97 gold pieces
 25108 | D:13     | XOM: cast spell 'Chain of Chaos'
 25312 | D:13     | XOM: summons 2 hostile shadow creatures
 25353 | D:13     | XOM: 1-stop teleportation journey
 25591 | D:13     | XOM: give mutations
 25591 | D:13     | Lost mutation: You are weak. (Str -2) [Xom's mischief]
 25591 | D:13     | Gained mutation: You are clumsy. (Dex -2) [Xom's mischief]
 25847 | D:13     | XOM: cast spell 'Statue Form'
 25958 | D:13     | XOM: god gift: pair of fine gloves {god gift}
 25959 | D:13     | Identified the +1 pair of gloves of Fortitude {rC+ Int+6} (Xom gifted it to you on level 13 of the Dungeon)
 26142 | D:14     | XOM: enchant monster (good)
 26167 | D:14     | XOM: summons friendly iron imp
 26175 | D:14     | XOM: 1-stop teleportation journey
 26180 | D:14     | XOM: cloud trail
 26195 | D:14     | XOM: divine lightning
 26198 | D:14     | XOM: polymorph yak -> raiju
 26223 | D:14     | XOM: 2-stop teleportation journey
 26231 | D:14     | XOM: scenery: create altars
 26246 | D:14     | Reached XP level 15. HP: 117/122 MP: 21/21
 26300 | D:14     | XOM: summons 2 friendly demons
 26309 | D:14     | XOM: 8-stop teleportation journey
 26343 | D:14     | XOM: polymorph deep troll -> slime creature
 26359 | D:14     | XOM: summons 3 hostile demons
 26642 | D:14     | XOM: enchant monster (bad)
 26669 | D:14     | XOM: polymorph yak -> wind drake
 26680 | D:14     | XOM: enchant monster (good)
 26734 | D:14     | Reached skill level 14 in Long Blades
 26740 | D:14     | Found a gate to the Vaults.
 26817 | D:14     | XOM: god gift: ruby potion {god gift}
 26818 | D:14     | Lost mutation: You are clumsy. (Dex -2) [potion of mutation]
 26818 | D:14     | Lost mutation: You have a pair of small horns on your head. [potion of mutation]
 26818 | D:14     | Gained mutation: Your muscles are strong. (Str +2) [potion of mutation]
 27150 | D:14     | XOM: give mutations
 27150 | D:14     | Gained mutation: You are clumsy. (Dex -2) [Xom's mischief]
 27150 | D:14     | Gained mutation: You are frail. (-10% HP) [Xom's mischief]
 27173 | D:15     | Entered Level 15 of the Dungeon
 27266 | D:15     | Lost mutation: You are clumsy. (Dex -2) [potion of mutation]
 27266 | D:15     | Lost mutation: You are frail. (-10% HP) [potion of mutation]
 27266 | D:15     | Lost mutation: Your muscles are strong. (Str +2) [potion of mutation]
 27266 | D:15     | Gained mutation: You occasionally shout uncontrollably at your foes. [potion of mutation]
 27266 | D:15     | Gained mutation: You are partially covered in slimy green scales. (AC +2) [potion of mutation]
 27317 | D:15     | XOM: confuse monster(s)
 27333 | D:15     | XOM: harmless Chrm miscast
 27611 | D:15     | XOM: cleaving
 27612 | D:15     | Found a staircase to the Depths.
 27618 | D:15     | XOM: enchant monster (good)
 27640 | D:15     | XOM: cleaving
 27652 | D:15     | XOM: scenery: 1 doors open, 1 doors close
 27657 | D:15     | XOM: divine lightning
 27666 | D:15     | XOM: cleaving
 27692 | D:15     | XOM: confuse monster(s)
 27699 | D:15     | XOM: blink monster(s)
 27715 | D:15     | XOM: enchant monster (bad)
 27784 | D:15     | XOM: silly message
 27785 | D:15     | XOM: noise
 27787 | D:15     | XOM: cast spell 'Call Canine Familiar'
 27895 | D:15     | Noticed Sonja
 27900 | D:15     | Killed Sonja
 28141 | D:15     | XOM: confuse monster(s)
 28144 | D:15     | Paralysed by a tengu conjurer for 6 turns
 28309 | D:14     | XOM: cast spell 'Olgreb's Toxic Radiance'
 28310 | D:14     | XOM: potion effect (agility)
 28409 | Lair:1   | XOM: cloud trail
 28524 | Lair:6   | XOM: enchant monster (bad)
 28679 | Lair:6   | XOM: confusion
 28778 | Lair:6   | XOM: harmless Summ miscast
 28798 | Lair:6   | XOM: cleaving
 28885 | Lair:6   | XOM: mild Necr miscast
 28886 | Lair:6   | XOM: harmless Tloc miscast
 29021 | Lair:6   | XOM: confusion (+ monsters)
 29024 | Lair:6   | XOM: summons friendly soul eater
 29115 | Lair:4   | Reached skill level 10 in Shields
 29127 | Lair:4   | XOM: polymorph death yak -> minotaur
 29130 | Lair:4   | XOM: enchant monster (good)
 29242 | Snake:1  | Entered Level 1 of the Snake Pit
 29463 | Snake:1  | XOM: 2-stop teleportation journey
 30585 | Snake:1  | Noticed Aizul
 30590 | Snake:1  | XOM: torment (52/123 hp)
 30592 | Snake:1  | XOM: harmless Air miscast
 30601 | Snake:1  | Killed Aizul
 30613 | Snake:1  | XOM: noise
 30713 | Snake:1  | XOM: medium Necr miscast
 30814 | Snake:1  | XOM: confusion (+ monsters)
 31111 | Shoals:1 | Entered Level 1 of the Shoals
 31111 | Shoals:1 | XOM: divination: detect creatures
 31254 | Shoals:1 | XOM: harmless Ice miscast
 31256 | Lair:2   | XOM: summons friendly quasit
 32240 | Lair:3   | XOM: medium Chrm miscast
 32311 | Lair:3   | XOM: medium Conj miscast
 32559 | Snake:1  | Reached XP level 16. HP: 132/132 MP: 22/22
 32588 | Snake:1  | XOM: 1-stop teleportation journey
 32667 | Snake:1  | XOM: god gift: yellow potion {god gift}
 32725 | Snake:1  | XOM: divination: detect creatures
 33169 | Snake:1  | XOM: destruction
 33173 | Snake:1  | XOM: harmless Erth miscast
 33284 | Snake:1  | XOM: medium Summ miscast
 33713 | Snake:1  | XOM: give mutations
 33713 | Snake:1  | Lost mutation: You occasionally shout uncontrollably at your foes. [Xom's mischief]
 33713 | Snake:1  | Gained mutation: You are clumsy. (Dex -2) [Xom's mischief]
 33744 | Snake:1  | XOM: summons 2 hostile shadow creatures
 33748 | Snake:1  | XOM: chaos upgrade
 33754 | Snake:1  | XOM: polymorph naga warrior -> shining eye
 33761 | Snake:1  | Paralysed by a naga for 7 turns
 33766 | Snake:1  | XOM: divine lightning
 33809 | Snake:1  | XOM: summons 3 hostile demons
 33814 | Snake:1  | XOM: confusion
 33833 | Snake:1  | Reached skill level 15 in Long Blades
 34307 | Snake:2  | Noticed Kirke
 34330 | Snake:2  | XOM: confusion
 34332 | Snake:2  | Killed Kirke
 34388 | Snake:2  | Noticed Jotun's ghost (adept GrEE)
 34463 | Snake:2  | XOM: enchant monster (good)
 34469 | Snake:2  | XOM: divine lightning
 34473 | Snake:2  | Killed Jotun's ghost
 34542 | Snake:2  | XOM: summons friendly iron imp
 34710 | Snake:2  | XOM: polymorph iron imp -> crimson imp
 35130 | Snake:2  | XOM: destruction
 35223 | Snake:2  | XOM: confusion
 35225 | Snake:2  | XOM: harmless Chrm miscast
 35309 | Snake:2  | XOM: potion effect (haste)
 35312 | Snake:1  | XOM: scenery: 1 doors close
 35355 | Snake:1  | XOM: god gift: 3 fruits
 35430 | Snake:1  | XOM: harmless Pois miscast
 35713 | Snake:2  | Noticed Frances
 35723 | Snake:2  | Killed Frances
 35813 | Snake:2  | XOM: silly message
 35961 | Snake:3  | XOM: divination: magic mapping
 36019 | Snake:3  | XOM: silly message
 36046 | Snake:3  | XOM: mild Ice miscast
 36359 | Snake:3  | XOM: enchant monster (bad)
 36500 | Snake:3  | XOM: enchant monster (good)
 36514 | Snake:3  | XOM: enchant monster (good)
 36666 | Snake:3  | XOM: scenery: create altars
 36762 | Snake:3  | XOM: give mutation
 36762 | Snake:3  | Gained mutation: You are frail. (-10% HP) [Xom's mischief]
 36794 | Snake:3  | XOM: summons 3 hostile shadow creatures
 37274 | Snake:3  | XOM: noise
 37331 | Snake:3  | XOM: cloud trail
 37702 | Snake:3  | XOM: 1-stop teleportation journey
 37797 | Snake:4  | Entered Level 4 of the Snake Pit
 37837 | Snake:4  | Reached XP level 17. HP: 100/126 MP: 23/23
 37838 | Snake:4  | XOM: scenery: create altars
 37965 | Snake:4  | XOM: polymorph naga -> warg
 37967 | Snake:4  | XOM: 2-stop teleportation journey
 37977 | Snake:4  | XOM: enchant monster (good)
 38100 | Snake:3  | XOM: fog
 38284 | Snake:3  | XOM: severe Tmut miscast
 38290 | Snake:3  | Gained mutation: Your body sometimes deteriorates upon taking damage. [mutagenic glow]
 38339 | Snake:3  | Gained mutation: You occasionally shout uncontrollably at your foes. [mutagenic glow]
 38384 | Snake:3  | XOM: medium Erth miscast
 38397 | Snake:3  | Gained mutation: Your body often deteriorates upon taking damage. [mutagenic glow]
 38436 | Snake:3  | Gained mutation: Your magical capacity is low. (-10% MP) [mutagenic glow]
 38517 | Snake:2  | Lost mutation: You occasionally shout uncontrollably at your foes. [potion of mutation]
 38517 | Snake:2  | Lost mutation: You are frail. (-10% HP) [potion of mutation]
 38517 | Snake:2  | Lost mutation: Your magical capacity is low. (-10% MP) [potion of mutation]
 38517 | Snake:2  | Gained mutation: Your magical capacity is low. (-10% MP) [potion of mutation]
 38517 | Snake:2  | Gained mutation: You are frail. (-10% HP) [potion of mutation]
 38517 | Snake:2  | Gained mutation: You passively map a small area around you. [potion of mutation]
 38612 | Snake:4  | XOM: polymorph naga ritualist -> wind drake
 38654 | Snake:4  | XOM: confusion
 38658 | Snake:4  | XOM: summons 16 friendly demons
 38659 | Snake:4  | XOM: summons 2 hostile demons
 38733 | Snake:4  | XOM: polymorph naga mage -> fire crab
 38742 | Snake:4  | XOM: chaos upgrade
 38743 | Snake:4  | XOM: chaos upgrade
 38746 | Snake:4  | HP: 5/126 [nagaraja/whip of chaos (3)]
 38749 | Snake:4  | XOM: chaos upgrade
 38753 | Snake:4  | XOM: 1-stop teleportation journey
 38756 | Snake:4  | Killed from afar by a nagaraja

Skill      XL: |  1  2  3  4  5  6  7  8  9 10 11 12 13 14 15 16 |
---------------+-------------------------------------------------+-----
Fighting       | 3 4 5 6 7 8 9 10 11 12 13 14 | 14.8
Long Blades    | 4 5 6 7 8 9 10 11 12 13 14 15 | 15.7
Dodging        | 3 5 |  5.7
Armour         | 2 4 6 7 8 9 10 11 12 | 12.4
Evocations     | 3 5 6 8 |  8.8
Shields        | 4 5 6 8 10 11 | 11.9

Action                   |  1- 3 |  4- 6 |  7- 9 | 10-12 | 13-15 | 16-18 || total
-------------------------+-------+-------+-------+-------+-------+-------++-------
Melee: Falchion          |    97 |   271 |   136 |       |       |       ||   504
       Bite              |    10 |    31 |    42 |   105 |   292 |   119 ||   599
       Unarmed           |       |       |    11 |       |     1 |       ||    12
       Double sword      |       |       |   188 |   489 |  2039 |   873 ||  3589
       Scimitar          |       |       |       |   398 |    66 |       ||   464
       Headbutt          |       |       |       |       |   284 |       ||   284
 Abil: End Transformatio |       |     2 |     1 |     4 |     3 |     1 ||    11
       Bat Form          |       |     2 |     1 |     4 |     3 |     1 ||    11
Evoke: Wand              |       |       |       |    19 |    28 |     6 ||    53
       Fan of gales      |       |       |       |       |       |     1 ||     1
  Use: Potion            |     6 |    11 |    24 |    30 |    72 |    20 ||   163
       Scroll            |       |     4 |    13 |    18 |    27 |     6 ||    68
 Stab: Petrifying        |     1 |       |       |       |       |     1 ||     2
       Paralysed         |       |     4 |     1 |    10 |    24 |     5 ||    44
       Confused          |       |     3 |       |     5 |    16 |       ||    24
       Petrified         |       |     2 |       |       |     6 |     3 ||    11
       Distracted        |       |       |       |       |       |     3 ||     3
Armor: Leather armour    |    19 |    12 |       |       |       |       ||    31
       Ring mail         |       |    52 |    63 |   193 |    42 |       ||   350
       Skin              |       |    36 |       |       |       |       ||    36
       Scale mail        |       |       |       |       |   260 |       ||   260
       Chain mail        |       |       |       |       |   492 |   415 ||   907
Dodge: Dodged            |    50 |   187 |   272 |   623 |  1002 |   335 ||  2469
Block: Buckler           |       |       |       |    87 |    35 |       ||   122
       Shield            |       |       |       |       |  1015 |   549 ||  1564
       Rpst.: Falchion   |    17 |    61 |    27 |       |       |       ||   105
       Double sword      |       |       |    57 |   122 |   237 |    76 ||   492
       Scimitar          |       |       |       |    50 |     6 |       ||    56
